Map: Ice and Chrome LE

Players

Geralt (Gerald) - Winner!

  • Race: Protoss Protoss
  • League: Grandmaster
  • Spawn Location: 7:00

Lambo

  • Race: Zerg Zerg
  • Spawn Location: 1:00

Event: DreamHack SC2 Masters 2020 Fall

VOD

Have the link to the VOD?

Description

Time

  • Played on: Sept. 9, 2020, 1:04 p.m.
  • Length: 24:51

All games in this series

Show
View Real Time Build Order
Export as new Build Order

Geralt Protoss - Winner!

Build Orders: 1 Gate Expand, Oracle Opening, Phoenix Opening, Carriers 

Get SALT Encoding   

  12  0:00  Probe  
  13  0:12  Probe  
  14  0:20  Pylon  
  14  0:25  Probe  
  15  0:28  Assimilator  
  15  0:38  Probe (Chrono Boost)  
  16  0:42  Gateway  
  16  0:47  Probe (Chrono Boost)  
  17  0:52  Probe  
  18  1:04  Probe  
  19  1:16  Probe  
  20  1:24  Nexus  
  20  1:34  Cybernetics Core  
  20  1:37  Probe  
  21  1:45  Assimilator  
  21  1:49  Probe  
  21  1:52  Pylon  
  22  2:01  Probe  
  23  2:12  Stargate  
  25  2:16  Stalker (Chrono Boost), Probe  
  26  2:28  Warp Gate, Probe  
  27  2:39  Adept, Probe  
  27  2:40  Probe  
  31  2:51  Probe  
  32  2:52  Probe  
  32  2:57  Oracle (Chrono Boost)  
  33  3:03  Gateway, Probe  
  33  3:04  Probe  
  38  3:09  Adept  
  40  3:14  Pylon  
  40  3:15  Probe  
  41  3:21  Probe  
  42  3:28  Probe  
  42  3:29  Phoenix (Chrono Boost)  
  42  3:33  Probe  
  46  3:35  Pylon  
  46  3:40  Probe  
  47  3:45  Probe  
  48  3:52  Oracle (Chrono Boost), Probe, Pylon  
  50  3:57  Probe  
  50  4:01  Assimilator  
  50  4:02  Assimilator  
  51  4:05  Probe  
  53  4:10  Probe  
  53  4:11  Forge  
  54  4:17  Probe  
  54  4:22  Probe  
  55  4:25  Adept  
  55  4:26  Adept  
  55  4:29  Probe  
  55  4:31  Oracle  
  63  4:34  Probe  
  64  4:41  Probe  
  64  4:43  Pylon  
  65  4:46  Nexus, Probe  
  66  4:56  Pylon  
  66  5:00  Gateway  
  66  5:04  Gateway  
  66  5:08  Oracle  
  67  5:14  Protoss Ground Weapons Level 1 (Chrono Boost)  
  67  5:15  Probe x2  
  67  5:17  Twilight Council  
  69  5:27  Probe x2  
  71  5:29  Stalker  
  73  5:39  Pylon, Probe x2  
  73  5:42  Robotics Facility  
  75  5:45  Oracle  
  75  5:48  Stalker  
  80  5:51  Probe x2  
  80  5:53  Blink (Chrono Boost)  
  82  6:03  Probe x2  
  82  6:04  Gateway x2  
  84  6:05  Probe  
  83  6:15  Probe x2  
  83  6:17  Probe  
  82  6:21  Assimilator  
  82  6:24  Assimilator  
  82  6:25  Stalker x4  
  86  6:27  Probe x2  
  86  6:29  Observer (Chrono Boost), Probe  
  86  6:31  Pylon  
  94  6:39  Probe  
  95  6:41  Probe x2  
  97  6:48  Stalker x3  
  97  6:49  Stalker  
  97  6:51  Warp Prism (Chrono Boost)  
  107  6:56  Robotics Bay  
  107  6:58  Robotics Facility  
  107  7:17  Stalker x5  
  107  7:20  Pylon  
  117  7:28  Nexus  
  117  7:32  Pylon  
  117  7:40  Colossus (Chrono Boost)  
  117  7:41  Probe  
  124  7:48  Colossus (Chrono Boost)  
  130  7:51  Pylon  
  130  8:00  Extended Thermal Lance (Chrono Boost)  
  130  8:03  Protoss Ground Weapons Level 2, Probe  
  131  8:05  Probe  
  131  8:06  Probe  
  133  8:13  Charge (Chrono Boost)  
  133  8:15  Probe  
  133  8:18  Probe x2  
  136  8:21  Observer, Photon Cannon  
  136  8:22  Shield Battery  
  136  8:27  Probe  
  136  8:30  Probe x2  
  136  8:32  Pylon  
  136  8:34  Pylon  
  139  8:35  Pylon  
  139  8:36  Colossus (Chrono Boost)  
  139  8:37  Pylon  
  145  8:43  Observer (Chrono Boost)  
  145  8:51  Probe  
  145  8:52  Probe  
  145  8:53  Assimilator  
  147  8:56  Colossus (Chrono Boost)  
  147  8:57  Assimilator, Probe x2  
  147  9:01  Gateway  
  147  9:02  Gateway  
  155  9:04  Gateway  
  155  9:06  Gateway x2  
  155  9:07  Gateway  
  155  9:09  Pylon  
  155  9:18  Probe x2  
  155  9:20  Templar Archives  
  155  9:22  Stalker x6  
  169  9:34  Probe  
  169  9:36  Pylon  
  168  9:45  Disruptor (Chrono Boost)  
  168  9:46  Disruptor (Chrono Boost)  
  174  9:56  Nexus  
  174  10:01  Zealot  
  174  10:02  Zealot x2  
  174  10:03  Zealot x4  
  174  10:04  Zealot x2  
  174  10:05  Zealot  
  174  10:06  Zealot  
  179  10:14  Zealot  
  179  10:18  Disruptor  
  179  10:21  Disruptor  
  176  10:25  Psionic Storm  
  175  10:32  Zealot x11  
  193  10:54  Disruptor  
  182  11:03  High Templar x7  
  182  11:04  High Templar  
  161  11:25  Disruptor  
  161  11:30  Disruptor, Archon x2  
  161  11:31  High Templar x4  
  175  11:39  Zealot x2  
  179  11:45  Pylon  
  167  11:47  Assimilator, Probe  
  167  11:50  Zealot  
  167  11:51  Zealot x5, Assimilator  
  147  12:01  Disruptor (Chrono Boost)  
  147  12:05  Zealot x5  
  147  12:06  Disruptor (Chrono Boost)  
  131  12:09  Archon  
  131  12:10  Archon  
  131  12:12  Zealot x7  
  127  12:25  Probe x2  
  127  12:29  High Templar x5  
  139  12:33  Photon Cannon  
  139  12:34  Disruptor (Chrono Boost), Photon Cannon  
  139  12:35  Pylon  
  139  12:36  Photon Cannon  
  142  12:38  Shield Battery, Stalker x5  
  142  12:39  Shield Battery  
  142  12:40  Zealot x2  
  142  12:42  Observer (Chrono Boost)  
  157  12:58  Photon Cannon  
  157  12:59  Photon Cannon  
  157  13:00  Shield Battery  
  157  13:01  Fleet Beacon  
  157  13:02  Shield Battery  
  157  13:04  Zealot x8  
  157  13:05  Zealot x4  
  181  13:06  Warp Prism  
  177  13:40  Disruptor (Chrono Boost)  
  146  13:42  Disruptor (Chrono Boost)  
  146  13:46  High Templar x7  
  146  13:47  Zealot x5  
  167  13:51  Archon  
  161  14:06  Mothership (Chrono Boost)  
  161  14:08  Probe  
  166  14:10  Carrier  
  166  14:13  Stargate  
  154  14:24  Nexus  
  154  14:25  Immortal x2 (Chrono Boost)  
  162  14:34  Pylon  
  162  14:38  Assimilator  
  162  14:42  Assimilator  
  162  14:51  Colossus (Chrono Boost)  
  160  14:54  Immortal (Chrono Boost), Photon Cannon  
  160  14:55  Photon Cannon  
  160  14:56  Shield Battery  
  160  14:57  Shield Battery  
  160  14:58  Photon Cannon  
  160  14:59  Zealot, Photon Cannon  
  172  15:00  Zealot x6  
  172  15:01  Photon Cannon  
  172  15:02  Shield Battery  
  172  15:03  Shield Battery  
  172  15:06  Shield Battery  
  184  15:21  Immortal (Chrono Boost)  
  182  15:30  Disruptor  
  182  15:34  Zealot x6  
  182  15:35  Zealot  
  173  15:45  Carrier  
  177  15:50  Probe  
  177  15:53  Assimilator  
  177  15:56  Observer  
  178  15:58  Archon  
  178  15:59  Zealot x11  
  178  16:01  Archon  
  167  16:24  Zealot x5  
  167  16:25  Zealot x7  
  176  16:49  Zealot x11  
  176  16:50  Zealot  
  197  17:10  Nexus  
  194  17:18  High Templar x2  
  194  17:19  High Templar  
  174  17:31  Carrier (Chrono Boost)  
  174  17:36  High Templar x2  
  174  17:37  High Templar x6  
  194  17:42  Probe, Carrier (Chrono Boost)  
  187  17:46  Probe  
  187  17:48  Protoss Shields Level 1  
  182  17:54  Pylon  
  182  17:56  High Templar x4  
  184  18:03  Archon x2  
  184  18:09  Protoss Air Weapons Level 1 (Chrono Boost)  
  184  18:11  Zealot x8, Assimilator  
  194  18:39  Carrier  
  198  18:46  Robotics Facility  
  198  18:47  Zealot  
  198  18:48  Robotics Facility  
  184  18:57  Carrier  
  188  19:08  Zealot x6  
  188  19:09  Photon Cannon  
  200  19:10  Photon Cannon  
  200  19:11  Photon Cannon  
  200  19:13  Shield Battery  
  200  19:14  Shield Battery  
  188  19:43  Carrier  
  184  19:46  Zealot  
  184  19:47  Zealot x7  
  196  20:04  Carrier (Chrono Boost)  
  198  20:07  Photon Cannon  
  198  20:08  Shield Battery  
  172  20:34  Archon  
  172  20:35  Archon  
  146  20:39  Immortal x2 (Chrono Boost)  
  138  20:44  Carrier (Chrono Boost)  
  138  20:46  High Templar x2  
  138  20:47  Zealot x4, High Templar x6  
  164  20:54  Archon x3  
  172  21:02  Carrier (Chrono Boost)  
  178  21:12  Pylon  
  178  21:14  Protoss Air Weapons Level 2  
  178  21:15  Pylon  
  130  21:33  High Templar x6, Mothership (Chrono Boost)  
  130  21:35  Zealot x4  
  130  21:38  Carrier (Chrono Boost)  
  158  21:52  Immortal (Chrono Boost)  
  158  21:53  Observer (Chrono Boost)  
  163  21:58  Carrier (Chrono Boost)  
  163  21:59  Nexus  
  163  22:00  Pylon  
  169  22:12  Nexus  
  169  22:27  Zealot x3, Pylon  
  175  22:35  Assimilator  
  171  22:38  Photon Cannon  
  169  22:50  Shield Battery, Photon Cannon  
  167  22:56  Zealot x9  
  185  23:11  Nexus  
  183  23:32  Carrier  
  185  23:44  Stalker x2  
  189  23:53  Archon  
  187  23:56  High Templar x5  
  187  23:58  Zealot  
  195  24:13  Zealot x2  
  199  24:18  Pylon  
  173  24:44  Archon x3  
Show
View Real Time Build Order
Export as new Build Order

Lambo Zerg 

Build Orders: Hatch First, Lurkers 

Get SALT Encoding   

  12  0:00  Drone  
  13  0:12  Overlord  
  13  0:17  Drone  
  14  0:30  Drone x2  
  16  0:48  Hatchery  
  15  0:51  Drone  
  15  0:54  Drone  
  17  0:57  Drone  
  18  1:08  Extractor  
  17  1:12  Spawning Pool  
  17  1:17  Drone  
  17  1:19  Drone  
  18  1:27  Drone  
  19  1:38  Drone  
  20  1:49  Overlord  
  20  1:59  Queen x2  
  20  2:00  Zergling x4  
  26  2:11  Drone x2  
  26  2:13  Metabolic Boost  
  28  2:24  Drone x2  
  30  2:34  Hatchery  
  30  2:35  Drone  
  30  2:43  Drone  
  31  2:45  Drone  
  31  2:46  Overlord  
  32  2:52  Queen  
  32  2:57  Drone x2  
  36  3:09  Drone x5  
  41  3:14  Queen  
  41  3:17  Overlord  
  43  3:21  Zergling x2  
  44  3:34  Queen  
  44  3:36  Spore Crawler  
  44  3:37  Drone  
  44  3:38  Drone x2  
  48  3:46  Drone x3  
  48  3:47  Drone  
  51  3:55  Drone  
  51  3:57  Spore Crawler  
  51  3:59  Overlord  
  51  4:00  Drone x2  
  53  4:05  Drone x3, Queen  
  53  4:06  Spore Crawler  
  57  4:10  Overlord  
  57  4:14  Overlord  
  56  4:17  Overlord  
  56  4:18  Drone  
  57  4:29  Overlord  
  57  4:30  Drone x5  
  62  4:33  Zergling x2  
  62  4:36  Drone  
  62  4:37  Roach Warren  
  63  4:41  Drone  
  63  4:42  Lair  
  63  4:45  Extractor  
  63  4:46  Queen  
  63  4:47  Drone, Extractor  
  63  4:49  Overlord  
  63  4:50  Drone  
  66  4:54  Drone x3  
  69  5:00  Drone x4  
  69  5:02  Evolution Chamber  
  69  5:04  Drone x2  
  69  5:06  Drone  
  75  5:08  Drone  
  75  5:12  Drone  
  77  5:17  Drone x3  
  80  5:22  Roach  
  80  5:23  Roach  
  80  5:26  Zergling x6  
  87  5:30  Roach x2, Hatchery  
  89  5:36  Extractor x2  
  89  5:37  Drone x2  
  89  5:40  Zerg Missile Weapons Level 1  
  89  5:42  Overlord  
  89  5:44  Overlord  
  89  5:46  Overlord  
  89  5:47  Zergling x2  
  90  5:59  Drone, Extractor, Hydralisk Den  
  90  6:03  Zergling x18  
  98  6:05  Hatchery  
  98  6:10  Drone x4  
  100  6:15  Drone  
  100  6:21  Drone x4  
  100  6:22  Drone x2  
  106  6:25  Overseer  
  106  6:29  Spore Crawler  
  106  6:30  Drone  
  106  6:31  Muscular Augments, Hatchery  
  106  6:32  Drone  
  106  6:33  Infestation Pit  
  106  6:34  Drone x4  
  109  6:40  Drone x3  
  109  6:41  Drone  
  109  6:46  Drone  
  114  6:49  Overlord x2  
  114  6:50  Overlord x2  
  114  6:54  Overlord  
  114  6:56  Overlord  
  114  6:57  Evolution Chamber, Overlord  
  112  7:07  Overlord  
  112  7:08  Roach x2  
  118  7:17  Roach x7  
  118  7:22  Hive, Pneumatized Carapace, Lurker Den  
  129  7:23  Drone x5  
  134  7:31  Drone x3  
  134  7:32  Extractor  
  134  7:33  Extractor, Zerg Ground Armor Level 1  
  134  7:36  Zerg Missile Weapons Level 2  
  132  7:37  Overseer x2  
  132  7:39  Zergling x2  
  132  7:42  Roach x2  
  131  7:44  Roach  
  131  7:47  Roach x5  
  131  7:51  Hydralisk x2  
  142  7:56  Hydralisk x3  
  152  8:00  Grooved Spines  
  152  8:03  Hydralisk x3  
  158  8:09  Glial Reconstitution  
  162  8:12  Zergling x8  
  162  8:17  Drone x3  
  162  8:19  Hydralisk x3  
  171  8:25  Hatchery  
  171  8:26  Overlord  
  170  8:36  Overlord  
  170  8:41  Spore Crawler  
  169  8:45  Drone x3, Overlord  
  172  8:50  Hydralisk x2  
  172  8:53  Lurker  
  172  8:54  Lurker, Overlord  
  174  8:55  Lurker  
  174  8:56  Lurker x2  
  174  8:59  Seismic Spines  
  176  9:08  Zergling x30  
  191  9:11  Spine Crawler  
  191  9:16  Zergling x2  
  191  9:17  Zergling x16  
  199  9:23  Extractor  
  196  9:25  Drone x4, Extractor  
  196  9:27  Overlord  
  199  9:31  Overlord, Spire  
  199  9:36  Overlord  
  199  9:37  Overlord  
  196  9:39  Overlord  
  196  9:45  Lurker x5  
  199  9:46  Lurker  
  199  9:56  Adaptive Talons  
  196  10:05  Hydralisk  
  194  10:19  Hydralisk  
  194  10:20  Hydralisk x6  
  196  10:27  Drone x11  
  197  10:31  Zerg Missile Weapons Level 3  
  197  10:32  Zerg Ground Armor Level 2  
  197  10:33  Spine Crawler  
  197  10:34  Spine Crawler x3  
  178  10:35  Hydralisk  
  178  10:36  Hydralisk x9, Spine Crawler  
  194  10:44  Roach x5  
  191  10:51  Roach x4  
  190  10:59  Drone x8  
  185  11:05  Drone x5  
  190  11:12  Hydralisk x3  
  191  11:20  Hydralisk x3  
  188  11:26  Hydralisk x2  
  188  11:31  Overlord  
  192  11:34  Hydralisk x2  
  192  11:36  Overseer x2  
  196  11:45  Viper x3  
  199  11:53  Hydralisk x4  
  187  11:56  Roach  
  187  11:58  Roach  
  187  11:59  Roach  
  171  12:01  Roach  
  171  12:04  Roach x2  
  163  12:11  Roach  
  153  12:16  Roach x5  
  153  12:18  Roach  
  153  12:19  Roach  
  150  12:24  Drone x6  
  150  12:29  Roach  
  156  12:39  Hatchery  
  155  12:44  Lurker x5  
  155  12:47  Ravager, Spine Crawler  
  155  12:48  Lurker  
  155  12:49  Lurker, Spine Crawler x2  
  155  12:50  Spore Crawler  
  158  12:52  Overseer x2  
  158  13:01  Overseer  
  158  13:05  Hydralisk x3, Overseer  
  158  13:07  Lurker x2, Spine Crawler  
  158  13:09  Hatchery  
  162  13:16  Hydralisk x3  
  162  13:18  Lurker, Zerg Flyer Weapons Level 1  
  167  13:21  Drone x3  
  168  13:28  Hydralisk x3  
  174  13:35  Hydralisk x3  
  174  13:39  Hydralisk  
  167  13:48  Hydralisk x4  
  167  13:53  Drone x4  
  167  13:54  Drone  
  176  14:02  Lurker x4  
  175  14:04  Hydralisk x2  
  175  14:09  Hydralisk x2  
  170  14:13  Lurker  
  177  14:17  Roach x4  
  181  14:26  Roach  
  181  14:27  Roach x3  
  181  14:29  Lurker x2  
  181  14:30  Overseer  
  191  14:34  Hydralisk x3  
  197  14:48  Drone x3  
  197  14:51  Extractor  
  197  14:52  Extractor  
  198  14:53  Lurker, Spire  
  198  14:58  Overlord  
  198  15:13  Zerg Flyer Armor Level 1  
  198  15:32  Hydralisk x4  
  200  15:41  Roach  
  190  15:58  Overseer x4  
  190  16:03  Roach x4  
  190  16:04  Roach x2  
  200  16:09  Roach x8  
  198  16:17  Hydralisk x2  
  200  16:36  Zerg Flyer Weapons Level 2  
  166  16:58  Corruptor x6  
  166  17:00  Hydralisk x15  
  200  17:06  Lurker x2  
  200  17:07  Lurker x2  
  200  17:09  Roach  
  198  17:18  Lurker x2  
  198  17:20  Zerg Flyer Armor Level 2  
  200  17:29  Hydralisk x5  
  200  17:35  Hydralisk x10  
  185  17:44  Corruptor  
  185  17:45  Corruptor x3  
  185  17:47  Drone x12  
  196  17:53  Lurker x4  
  196  17:54  Lurker  
  196  17:55  Lurker  
  200  18:00  Extractor, Hatchery  
  200  18:03  Extractor, Hatchery  
  200  18:04  Spine Crawler  
  195  18:09  Corruptor  
  195  18:10  Corruptor  
  195  18:11  Overseer  
  199  18:16  Drone  
  199  18:19  Overlord  
  189  18:33  Lurker x5  
  194  18:41  Hydralisk x3  
  200  18:50  Hydralisk x3  
  200  18:51  Corruptor x2  
  184  18:57  Lurker  
  184  18:59  Drone x3  
  184  19:00  Drone x3  
  177  19:10  Spine Crawler  
  177  19:12  Drone x5, Spine Crawler  
  177  19:13  Drone, Spine Crawler  
  177  19:14  Spine Crawler  
  175  19:17  Spine Crawler x2  
  175  19:18  Hydralisk x7  
  175  19:20  Spine Crawler  
  175  19:40  Corruptor x3  
  175  19:41  Corruptor x2  
  169  20:00  Overseer  
  169  20:03  Corruptor x4  
  169  20:05  Lurker  
  174  20:09  Hydralisk  
  174  20:10  Roach  
  174  20:12  Overseer  
  174  20:14  Zergling x26  
  174  20:29  Hydralisk x5  
  174  20:34  Hydralisk  
  174  20:35  Hydralisk, Zergling x10  
  167  20:47  Lurker  
  168  20:54  Corruptor  
  168  20:56  Drone x3  
  173  20:57  Drone x2  
  173  20:59  Hydralisk x2  
  173  21:08  Hydralisk x2  
  162  21:16  Hydralisk x2  
  148  21:26  Hydralisk x3  
  151  21:32  Queen  
  151  21:33  Queen x2, Hatchery  
  153  21:45  Roach x9  
  168  22:02  Corruptor x3  
  168  22:07  Hatchery  
  173  22:16  Corruptor x2  
  173  22:22  Drone x9  
  186  22:23  Extractor  
  185  22:35  Hydralisk x4, Zergling x2  
  185  22:36  Zergling x10  
  190  22:44  Drone x6  
  196  22:54  Spore Crawler  
  195  23:08  Viper  
  198  23:15  Hydralisk  
  198  23:17  Roach x2, Hatchery  
  190  23:31  Viper  
  185  23:39  Lurker x2  
  180  23:51  Extractor x2  
  172  23:57  Corruptor x2  
  176  24:09  Hatchery  
  175  24:10  Drone  
  175  24:11  Drone x3  
  175  24:13  Corruptor x2  
  183  24:19  Overseer  
  183  24:20  Overseer  

Tags
 
Add a new tag
Caveats
  • Supply blocks, unpowered buildings, or Contaminate may cause inaccurate times.
  • Supply counts are checked every 10 seconds.